 Dungeon Crawl Stone Soup version 0.18.1-50-g88ac8fd (webtiles) character file.

200 Gargoyl the Covered (level 5, -11/42 HPs)
             Began as a Demonspawn Abyssal Knight on Sept 16, 2016.
             Was a Believer of Lugonu.
             Mangled by an ogre
             ... wielding a +0 giant club
              (18 damage)
             ... on level 4 of the Dungeon.
             The game lasted 00:07:01 (2504 turns).

Gargoyl the Covered (Demonspawn Abyssal Knight)     Turns: 2504, Time: 00:07:01

Health: -11/42     AC: 11    Str: 18    XL:     5   Next: 49%
Magic:  7/7        EV:  7    Int: 13    God:    Lugonu [**....]
Gold:   124        SH:  0    Dex: 13    Spells: 0 memorised, 4 levels left

rFire  + . .     SeeInvis .     a - +1 hand axe
rCold  . . .     Gourm    .     h - +0 plate armour
rNeg   . . .     Faith    .     (no shield)
rPois  .         Spirit   .     (no helmet)
rElec  .         Dismiss  .     (no cloak)
rCorr  .         Reflect  .     (no gloves)
SustAt .         Harm     .     (no boots)
MR     .....                    (no amulet)
Stlth  ..........               (no ring)
                                (no ring)

@: mighty, not resistant to hostile enchantments, extremely unstealthy
A: repulsion field 1, fire resistance 1, powered by death 1
a: Depart the Abyss, Bend Space, Renounce Religion


You were on level 4 of the Dungeon.
You worshipped Lugonu.
Lugonu was pleased with you.
You were hungry.

You visited 1 branch of the dungeon, and saw 4 of its levels.
You visited the Abyss 1 time.

You collected 124 gold pieces.

Inventory:

Hand Weapons
 a - a +1 hand axe (weapon)
Armour
 h - a +0 plate armour (worn)
Scrolls
 e - a scroll of remove curse {unknown}
 f - 4 scrolls of identify {unknown}
 g - a scroll of teleportation {unknown}
 j - a scroll of recharging {unknown}
 k - a scroll of immolation {unknown}
 m - a scroll of enchant weapon {unknown}
 o - a scroll of magic mapping {unknown}
 r - a scroll of enchant armour {unknown}
Potions
 b - a potion of might
 d - 2 potions of curing {unknown}
 l - a potion of agility {unknown}
 n - a potion of mutation {unknown}
 p - a potion of flight {unknown}
Comestibles
 c - 5 bread rations
 i - a meat ration
 q - a slice of pizza


   Skills:
 + Level 3.8 Fighting
 + Level 2.8 Axes
 * Level 4.0 Armour
 + Level 1.1 Dodging
 + Level 0.2 Stealth
 + Level 2.8 Invocations


You had 4 spell levels left.
You didn't know any spells.

Dungeon Overview and Level Annotations

Branches:
Dungeon (4/15)
 Temple: D:4-7

Altars:
Gozag
Zin


Innate Abilities, Weirdness & Mutations

You are surrounded by a mild repulsion field (EV +2).
Your flesh is heat resistant.
You regenerate a little health from kills.


Message History

The giant gecko barely misses you. The ogre hits you with a giant club!
Your plate armour prevents you from hitting the ogre.
The ogre is lightly wounded.
You hit the giant gecko.
You kill the giant gecko!
Lugonu accepts your kill. The ogre hits you with a giant club!!
* * * LOW HITPOINT WARNING * * *
You hit the ogre.
The ogre is moderately wounded.
Unknown command.
You hit the ogre.
The ogre is moderately wounded.
The ogre hits you with a giant club!
* * * LOW HITPOINT WARNING * * *
Drink which item? (? for menu, Esc to quit)
It was a potion of might.
You feel very mighty all of a sudden. The ogre hits you with a giant club!!
You die...

#.#.#####
#.......
#.......#
#.#.....
#.#.###.#
#.#.#... #.#.#
#.# #.#>....
#.#.# #.#
#.#.####
#####.#.###.#
#.#.#
............#
#.#.#
.####..#####
#.#.#
#.@#########.#.#
#.O........ #.#
#..######## #.#
#.......$. ...
#..........
#..........
#...#######
....# ##...#


You could see an ogre.

Vanquished Creatures
  A scorpion (D:3)
  A giant frog skeleton (D:3)
  5 adders
  2 worms (D:2)
  2 dart slugs (D:3)
  3 giant geckos
  An orc (D:3)
  8 bats
  7 goblins
  11 hobgoblins
  2 jackals (D:2)
  6 kobolds
  2 quokkas
  3 ball pythons
  2 giant newts (D:3)
  5 rats
61 creatures vanquished.

Vanquished Creatures (others)
  2 starspawn tentacles (Abyss:1)
  8 starspawn tentacle segments (Abyss:1)
10 creatures vanquished.

Grand Total: 71 creatures vanquished

Notes
Turn   | Place    | Note
--------------------------------------------------------------
     0 | Abyss:1  | Gargoyl the Demonspawn Abyssal Knight began the quest for the Orb.
     0 | Abyss:1  | Reached XP level 1. HP: 18/18 MP: 2/2
   136 | Abyss:1  | Noticed a tentacled starspawn
   149 | D:1      | Escaped the Abyss
   271 | D:1      | Reached skill level 2 in Armour
   279 | D:1      | Reached * piety under Lugonu
   291 | D:1      | Gained mutation: You regenerate a little health from kills. [demonic ancestry]
   291 | D:1      | Reached XP level 2. HP: 22/24 MP: 3/3
   715 | D:1      | Reached skill level 1 in Dodging
  1016 | D:2      | Gained mutation: You are surrounded by a mild repulsion field (EV +2). [demonic ancestry]
  1016 | D:2      | Reached XP level 3. HP: 23/29 MP: 4/4
  1096 | D:2      | Found a glowing silver altar of Zin.
  1350 | D:2      | Reached skill level 3 in Armour
  1350 | D:2      | Reached XP level 4. HP: 34/35 MP: 6/6
  1750 | D:3      | Reached ** piety under Lugonu
  1934 | D:3      | Gained mutation: Your flesh is heat resistant. [demonic ancestry]
  1934 | D:3      | Reached XP level 5. HP: 32/41 MP: 7/7
  1992 | D:3      | Found an opulent altar of Gozag.
  2101 | D:3      | Reached skill level 4 in Armour
  2492 | D:4      | Noticed an ogre
  2500 | D:4      | HP: 2/42 [ogre/giant club (11)]
  2504 | D:4      | Mangled by an ogre

Skill      XL: |  1  2  3  4  5 |
---------------+----------------+-----
Armour         | 2 3 4 |  4.0
Dodging        | 1 |  1.1
Axes           | 2 |  2.8
Fighting       | |  3.8
Stealth        | |  0.2
Invocations    | |  2.8

Action                   |  1- 3 |  4- 6 || total
-------------------------+-------+-------++-------
Melee: Hand axe          |   158 |   123 ||   281
Invok: Depart the Abyss  |     1 |       ||     1
  Use: Potion            |       |     1 ||     1
  Eat: Chunk             |     2 |     3 ||     5
Armor: Scale mail        |    16 |       ||    16
       Plate armour      |   121 |   121 ||   242
Dodge: Dodged            |    51 |    34 ||    85
